 Dungeon Crawl Stone Soup version 0.21.1-1-g345015f (webtiles) character file.

331 t7DKbSm the Covered (level 6, -11/53 HPs)
             Began as a Minotaur Fighter on May 3, 2018.
             Mangled by an ogre
             ... wielding a +0 giant club
              (21 damage)
             ... on level 4 of the Dungeon.
             The game lasted 00:08:22 (2451 turns).

t7DKbSm the Covered (Minotaur Fighter)              Turns: 2451, Time: 00:08:22

Health: -11/53     AC:  9    Str: 20    XL:     6   Next: 26%
Magic:  5/5        EV:  8    Int:  5    God:
Gold:   198        SH: 14    Dex: 12    Spells: 5/5 levels left

rFire    . . .     SeeInvis .   a - +0 war axe
rCold    . . .     Gourm    .   c - +0 shield
rNeg     . . .     Faith    .   b - +0 scale mail
rPois    .         Spirit   .   (helmet restricted)
rElec    .         Reflect  +   p - +0 cloak
rCorr    +         Harm     .   r - +0 pair of gloves
MR       .....                  (no boots)
Stlth    ..........             q - +4 amulet of reflection
HPRegen  0.17/turn              g - ring of resist corrosion
MPRegen  0.09/turn              (no ring)

@: no status effects
A: retaliatory headbutt, horns 2
a: no special abilities


You were on level 4 of the Dungeon.
You were not hungry.

You visited 1 branch of the dungeon, and saw 4 of its levels.

You collected 198 gold pieces.

Inventory:

Hand Weapons
 a - a +0 war axe (weapon)
 o - a +4 quarterstaff of chaos
 u - a +0 blowgun
 A - the cursed +0 dagger "Nicw" {pierce, Dex+5, unknown}
   (You found it on level 4 of the Dungeon)

   It inflicts extra damage upon your enemies.
   It affects your dexterity (+5).
   It has a curse placed upon it.
Missiles
 v - 18 poisoned needles
 w - 2 tomahawks of returning (quivered)
Armour
 b - a +0 scale mail (worn)
 c - a +0 shield (worn)
 i - a +0 plate armour
 p - a +0 cloak (worn)
 r - a +0 pair of gloves (worn)
Jewellery
 g - a ring of resist corrosion (left hand)
 q - a +4 amulet of reflection (around neck)
Wands
 s - a wand of disintegration (9)
Scrolls
 h - 7 scrolls of identify {unknown}
 j - 2 scrolls of fear {unknown}
 l - 2 scrolls of fog {unknown}
 n - a scroll of blinking {unknown}
 t - a scroll of random uselessness {unknown}
 x - a scroll of teleportation {unknown}
 y - a scroll of remove curse {unknown}
Potions
 d - a potion of might
 e - 2 potions of heal wounds {unknown}
 k - a potion of agility {unknown}
 m - a potion of curing {unknown}
 z - 2 potions of flight {unknown}
 B - 2 potions of mutation {unknown}
Comestibles
 f - 4 rations


   Skills:
 + Level 4.3 Fighting
 + Level 4.9 Axes
 + Level 5.3 Armour
 + Level 1.4 Dodging
 + Level 5.2 Shields


You had 5 spell levels left.
You didn't know any spells.

Dungeon Overview and Level Annotations

Branches:
Dungeon (4/15)
 Temple: D:4-7

Altars:
Cheibriados
Wu Jian


Innate Abilities, Weirdness & Mutations

You reflexively headbutt those who attack you in melee.
You have a pair of horns on your head.


Message History

The ogre is lightly wounded.
You block the ogre's attack.
You hit the ogre but do no damage.
The ogre is lightly wounded.
The ogre hits you with a giant club!
* * * LOW HITPOINT WARNING * * *
You feel sick.
You see here a worker ant corpse.
You feel sick.
You hear the slow hiss of a very distant avalanche of sand.
You block the ogre's attack.
You feel sick.
You are no longer poisoned.
The ogre closely misses you. You block the ogre's attack.
Things that are here:
a jackal corpse x2
You see here a hand axe.
The ogre hits you with a giant club!!
You die...

### ###
#.###.#
#.#<..#
####.###.#
#†)..###@#
#†##...O.#
#.########
#.......#
#######.#
#.# #.#
#######
#.#
#.....#
#.#


You could see an ogre.

Vanquished Creatures
  An ogre (D:4)
  Crazy Yiuf (D:2)
  Jessica (D:3)
  An iguana (D:4)
  A worker ant (D:4)
  2 adders (D:2)
  4 gnolls (D:2)
  A worm (D:3)
  4 dart slugs
  2 leopard geckos
  5 orcs
  4 bats
  4 giant cockroaches
  5 goblins
  8 hobgoblins
  12 jackals
  A quokka (D:3)
  A ball python (D:1)
  3 frilled lizards
  4 kobolds (D:1)
  6 rats
71 creatures vanquished.

Vanquished Creatures (others)
  A goblin (D:3)
  A kobold (D:3)
2 creatures vanquished.

Grand Total: 73 creatures vanquished

Notes
Turn   | Place    | Note
-------+----------+-------------------------------------------
     0 | D:1      | t7DKbSm the Minotaur Fighter began the quest for the Orb.
     0 | D:1      | Reached XP level 1. HP: 19/19 MP: 0/0
    81 | D:1      | Reached XP level 2. HP: 20/27 MP: 1/1
   447 | D:1      | Reached XP level 3. HP: 25/33 MP: 2/2
  1045 | D:2      | Found a snail-covered altar of Cheibriados.
  1179 | D:2      | Reached XP level 4. HP: 27/40 MP: 3/3
  1329 | D:2      | Found a runed door.
  1333 | D:2      | Noticed Crazy Yiuf
  1338 | D:2      | Killed Crazy Yiuf
  1338 | D:2      | Reached skill level 1 in Dodging
  1653 | D:3      | Reached XP level 5. HP: 46/46 MP: 4/4
  1837 | D:3      | Found a faded altar of an unknown god.
  1991 | D:3      | Noticed Jessica
  1994 | D:3      | Killed Jessica
  1994 | D:3      | Reached skill level 5 in Armour
  2143 | D:3      | Found an ornate altar of the Wu Jian Council.
  2311 | D:4      | Noticed an ogre
  2320 | D:4      | Killed an ogre
  2320 | D:4      | Reached skill level 5 in Shields
  2320 | D:4      | Reached XP level 6. HP: 34/52 MP: 5/5
  2344 | D:4      | Got an encrusted dagger
  2451 | D:4      | Mangled by an ogre

Skill      XL: |  1  2  3  4  5 |
---------------+----------------+-----
Fighting       | 4 |  4.3
Shields        | 4 5 |  5.2
Armour         | 4 5 |  5.3
Axes           | 3 4 |  4.9
Dodging        | 1 |  1.4

Action                   |  1- 3 |  4- 6 || total
-------------------------+-------+-------++-------
Melee: War axe           |    86 |   105 ||   191
       Headbutt          |     8 |    20 ||    28
  Eat: Chunk             |       |     5 ||     5
Armor: Scale mail        |    39 |    27 ||    66
Dodge: Dodged            |    37 |    28 ||    65
Block: Shield            |    55 |    83 ||   138
       Reflection        |       |     8 ||     8
